[Event "Vegagatan O1800 RPD"]
[Site "Goteborgs Schackcentrum, Vegatan 20, Gothenburg, Sweden"]
[Date "2025.05.03"]
[Round "4.1"]
[White "Karlsson, Roger"]
[Black "Gallardo, Guillermo"]
[Result "0-1"]
[TimeControl "29 minutes + 30 seconds per move from move one"]
[WhiteFideId "1732293"]
[BlackFideId "1773488"]
[WhiteElo "1886"]
[BlackElo "1779"]

1. d4 d5 2. Bg5 Nf6 3. Bxf6 exf6 4. e3 Bd6 5. Nf3 Be6 6. Bd3 Nd7 7. O-O O-O 8. Nbd2 c6 9. Rb1 b5 10.
a4 a6 11. c3 Qc7 12. h3 Nb6 13. b3 Rfb8 14. a5 Nd7 15. b4 Re8 16. Nb3 Nf8 17. Re1 f5 18. Qc2 g6 19. h4 Nd7 20.
Ng5 Nf6 21. Nxe6 Rxe6 22. Nd2 Rae8 23. Nf3 Ne4 24. Rf1 f6 25. Ne1 f4 26. exf4 Bxf4 27. Nf3 Kg7 28. Rfd1 Qe7 29. Kf1 Qc7 30. Ng1 f5 31. Ne2 Bh6 32. Kg1 Nxf2 33. Kxf2 Be3+ 34.
Kf3 Bh6 35. g3 Rxe2 36. Qxe2 Rxe2 37. Bxe2 Qe7 38. Bd3 Qe3+ 39. Kg2 f4 40. gxf4 Bxf4 41. Rb2 Qg3+ 42. Kf1 Qf3+ 43. Ke1 Qh1+ 44.
Bf1 Qxh4+ 45. Ke2 Qh2+ 46. Kf3 Qg3+ 0-1

[ePGN "0.1;DGT LiveChess/2.2.7"]

[Event "Vegagatan O1800 RPD"]
[Site "Goteborgs Schackcentrum, Vegatan 20, Gothenburg, Sweden"]
[Date "2025.05.03"]
[Round "4.2"]
[White "Kenani, Dariush"]
[Black "Klouda, James"]
[Result "1-0"]
[TimeControl "29 minutes + 30 seconds per move from move one"]
[WhiteFideId "1707973"]
[BlackFideId "1795759"]
[WhiteElo "2075"]
[BlackElo "1814"]

1. e4 c6 2. d4 d5 3. Nc3 Nf6 4. e5 Ng8 5. f4 c5 6. dxc5 e6 7. Be3 Nc6 8. Nf3 Nh6 9. Bb5 Nf5 10.
Bf2 Bd7 11. O-O a6 12. Bxc6 Bxc6 13. a4 Qa5 14. Nd4 Bxc5 15. Nce2 Rc8 16. Kh1 Nxd4 17. Nxd4 Bxd4 18. Bxd4 O-O 19.
c3 Qd8 20. f5 Qg5 21. f6 gxf6 22. Rxf6 Kh8 23. Qf3 Rc7 24. Rxe6 f5 25. exf6 Rff7 26. Rae1 Kg8 27. b3 Bd7 28.
R6e5 Qxf6 29. Re8+ Bxe8 30. Bxf6 Bc6 31. Qg3+ Kf8 32. Qd6+ Kg8 33. Qd8+ 1-0

[ePGN "0.1;DGT LiveChess/2.2.7"]

[Event "Vegagatan O1800 RPD"]
[Site "Goteborgs Schackcentrum, Vegatan 20, Gothenburg, Sweden"]
[Date "2025.05.03"]
[Round "4.3"]
[White "Garby, Jacob"]
[Black "Torres, Lucas"]
[Result "0-1"]
[TimeControl "29 minutes + 30 seconds per move from move one"]
[WhiteFideId "1786520"]
[BlackFideId "1769464"]
[WhiteElo "1820"]
[BlackElo "1998"]

1. d4 Nf6 2. c4 d6 3.
Nf3 g6 4. Nc3 Bf5 5. g3 Ne4 6. Nxe4 Bxe4 7. Bg2 Bg7 8. O-O O-O 9. Bg5 h6 10. Be3 Nd7 11. Qd2 h5 12. a4 c5 13.
Rfd1 Qc7 14. Bg5 Nf6 15. Qe3 cxd4 16. Rxd4 Bc6 17. Bxf6 Bxf6 18. Rd2 a5 19. Nd4 Bxg2 20. Kxg2 Qxc4 21.
b3 Qc7 22. Rc2 Qb6 23. Rd1 Rac8 24. Rcd2 Rfe8 25. Qf3 Bxd4 26. Rxd4 Qc6 27. Rd5 b6 28. Rb5 Qxf3+ 29. Kxf3 Rc3+ 30.
Ke4 Rb8 31. Kd4 Rc5 32. Rxc5 bxc5+ 33. Kc4 Rb4+ 34. Kc3 Kf8 35. f3 Ke8 36. e4 f6 37. h4 Kd7 38. Rd2 e6 39. Rd1 Kc6 40.
Rd2 d5 41. exd5+ exd5 42. Re2 d4+ 43. Kc2 c4 44. bxc4 Rxc4+ 45. Kd3 Kd5 46. Re8 Rxa4 47. Rb8 Ra3+ 48. Kc2 Rxf3 0-1

[ePGN "0.1;DGT LiveChess/2.2.7"]

[Event "Vegagatan O1800 RPD"]
[Site "Goteborgs Schackcentrum, Vegatan 20, Gothenburg, Sweden"]
[Date "2025.05.03"]
[Round "4.4"]
[White "Christoforidis, Nicolas"]
[Black "Kaplan, Viktor"]
[Result "0-1"]
[TimeControl "29 minutes + 30 seconds per move from move one"]
[WhiteFideId "1789180"]
[BlackFideId "1780956"]
[WhiteElo "1829"]
[BlackElo "1822"]

1. d4 Nf6 2. Bf4 d5 3. e3 c5 4. Nf3 Nc6 5. Nc3 cxd4 6. exd4 a6 7. Be2 Bf5 8. a3 e6 9. O-O Bd6 10.
Bxd6 Qxd6 11. h3 O-O 12. Bd3 Ne4 13. Ne2 h6 14. c3 Bh7 15. Qc2 b5 16. Nd2 f5 17. f4 Na5 18. Nf3 Nc4 19.
Bxc4 bxc4 20. Rfb1 Rab8 21. b4 cxb3 22. Rxb3 Rxb3 23. Qxb3 Rb8 24. Qc2 Qb6 25. Ne5 Qb2 26. Rc1 Qxa3 27. Rb1 Rb5 28. Rb4 Nxc3 29. Rxb5 Nxe2+ 30. Qxe2 Qc1+ 31. Kh2 axb5 32. Qxb5 Qxf4+ 33. Kh1 Qc1+ 34. Kh2 Qc8 35. Qc5 Qe8 36. Qd6 Bg6 37. g3 Bf7 38. Qc7 Bg6 39.
Kg2 Kh7 40. Qd6 f4 41. Nxg6 Qxg6 42.
Qxf4 Qf5 43. Qe3 Kg6 44. g4 Qc2+ 45. Kg3 Qc7+ 46. Kf3 Kf7 47. h4 Qh2 48. Qf4+ Qxf4+ 49. Kxf4 g6 50. g5 h5 51. Ke3 Ke7 52. Kf3 Kd6 53.
Kf4 e5+ 54. dxe5+ Ke6 55. Kf3 Kxe5 56.
Ke3 d4+ 57. Kd3 Kd5 58. Kd2 Ke4 59. Ke2 Kf4 0-1